 Dungeon Crawl Stone Soup version 0.17-a0-1397-g0eee0a3 (webtiles) character file.

49 wotan the Ruffian (level 3, 0/28 (31) HPs)
             Began as a Ghoul Monk on June 17, 2015.
             Slain by Crazy Yiuf
             ... wielding a +3 quarterstaff of chaos
              (13 damage)
             ... on level 2 of the Dungeon.
             The game lasted 00:04:42 (1444 turns).

wotan the Ruffian (Ghoul Monk)                      Turns: 1444, Time: 00:04:42

HP:   0/28 (31)     AC:  8    Str: 14    XL:     3   Next: 75%
MP:   2/2           EV:  6    Int:  5    God:
Gold: 37            SH:  0    Dex: 12    Spells: 0 memorised, 2 levels left

rFire  . . .     SeeInvis .       - Unarmed
rCold  + . .     Clarity  .     l - +0 chain mail
rNeg   + + +     SustAt   .     (no shield)
rPois  ∞         Gourm    .     (no helmet)
rElec  .         Spirit   .     (no cloak)
rCorr  .         Warding  .     (no gloves)
rMut   .         Stasis   .     (no boots)
MR     .....                    (no amulet)
Stlth  ..........               (no ring)
                                (no ring)

@: rotting, slowed, very slow, not resistant to hostile enchantments, extremely
unstealthy
A: rotting body, claws 1, carnivore 3, cold resistance 1, negative energy
resistance 3, slow healing 1, torment resistance, unbreathing
a: no special abilities


You were on level 2 of the Dungeon.
You were not hungry.

You visited 1 branch of the dungeon, and saw 2 of its levels.

You collected 37 gold pieces.

Inventory:

Armour
 a - a +0 robe
 l - a +0 chain mail (worn)
Scrolls
 c - a scroll of immolation {unknown}
 e - 4 scrolls of enchant weapon {unknown}
 h - 3 scrolls of blinking {unknown}
 i - a scroll of identify {unknown}
 j - a scroll of fear {unknown}
 n - a scroll of remove curse {unknown}
Potions
 d - a potion of brilliance {unknown}
 f - a potion of lignification {unknown}
 g - a potion of ambrosia {unknown}
 k - a potion of degeneration {unknown}
 m - 2 potions of poison {unknown}
Comestibles
 b - a meat ration


   Skills:
 - Level 3.4 Fighting
 - Level 2.9 Dodging
 - Level 2.1 Stealth
 + Level 5.5 Unarmed Combat


You had 2 spell levels left.
You didn't know any spells.

Dungeon Overview and Level Annotations

Branches:
Dungeon (2/15)

Altars:

Annotations:
D:2 Crazy Yiuf


Innate Abilities, Weirdness & Mutations

Your body is rotting away.
You thrive on raw meat.
You are immune to poison.
You have sharp fingernails.
You are carnivorous and can eat meat at any time.
Your flesh is cold resistant.
You are immune to negative energy.
You heal slowly when monsters are visible.
You are immune to unholy pain and torment.
You can survive without breathing.


Message History

Level annotation: Crazy Yiuf Crazy Yiuf hits you with a quarterstaff of chaos.
You suddenly lose the ability to move!
Crazy Yiuf hits you but does no damage.
You feel yourself slow down.
Crazy Yiuf hits you with a quarterstaff of chaos!
You shrug off the repeated paralysis!
Crazy Yiuf barely misses you.
You can move again.
There is a stone staircase leading up here.
Your chain mail prevents you from hitting Crazy Yiuf.
Crazy Yiuf hits you but does no damage.
You scratch Crazy Yiuf.
Crazy Yiuf begins to bleed from his wounds!
Crazy Yiuf is lightly wounded.
Crazy Yiuf laughs, "Gnoll broken unthinkable!"
Crazy Yiuf hits you but does no damage.
You closely miss Crazy Yiuf.
Crazy Yiuf is lightly wounded.
Crazy Yiuf hits you with a quarterstaff of chaos!
You die...

#...#.#.# .. ##...#..<###
##%. ######......#.... ...
................. ###.#
#.#####.#...#### ...###.#
#..##.##
.#####..##.####.###.#
........##g.....###.##
#.#####....@..........######
#.......##(##...............
######.###.#))##.###..####.#
#.###..#)##.###..####..
#.....###..............
####...#.#.......######
##########..#.###.###...##
#..........#### ##...###.##
#.###.........###.#.## ##.##


You could see Crazy Yiuf (bleeding).

Vanquished Creatures
  Robin (D:2)
  A giant gecko (D:1)
  A giant cockroach (D:1)
  15 goblins
  3 hobgoblins
  8 kobolds (D:1)
  3 bats (D:1)
  A giant newt (D:1)
  2 rats (D:1)
35 creatures vanquished.

Notes
Turn   | Place    | Note
--------------------------------------------------------------
     0 | D:1      | wotan the Ghoul Monk began the quest for the Orb.
     0 | D:1      | Reached XP level 1. HP: 19/19 MP: 0/0
    72 | D:1      | Reached XP level 2. HP: 19/26 MP: 1/1
   516 | D:1      | Reached skill level 5 in Unarmed Combat
   793 | D:2      | Reached XP level 3. HP: 27/30 MP: 2/2
   806 | D:2      | Noticed Robin
   830 | D:2      | Killed Robin
  1083 | D:2      | Noticed Crazy Yiuf
  1437 | D:2      | Paralysed by Crazy Yiuf for 5 turns
  1444 | D:2      | Slain by Crazy Yiuf

Vault maps used:
D:1:      minmay_arrival_shattered_statue
D:2:      st_stairs_6, minmay_misc_feat_rows, uniq_robin,
          uniq_crazy_yiuf_cottage

Action                   || total
-------------------------++-------
Melee: Unarmed           ||    93
 Stab: Sleeping          ||     1
  Eat: Meat ration       ||     1
